 Dungeon Sprint DCSS version 0.17-a0-2231-gd80ca38 (webtiles) character file.

5958 Kidiri the Fighter (level 10, -15/101 HPs)
             Began as a Minotaur Fighter on Oct 29, 2015.
             Was a High Priest of Okawaru.
             Demolished by an alligator snapping turtle (25 damage)
             ... in the Dungeon (Sprint VII: "The Pits").
             The game lasted 00:10:55 (1526 turns).

Kidiri the Fighter (Minotaur Fighter)               Turns: 1526, Time: 00:10:55

Health: -15/101    AC: 21    Str: 25    XL:     10   Next: 54%
Magic:  11/14      EV: 19    Int:  5    God:    Okawaru [*****.]
Gold:   0          SH: 15    Dex:  9    Spells: 0 memorised, 9 levels left

rFire  . . .     SeeInvis .     a - +0 flail (crush)
rCold  . . .     Clarity  .     b - +3 plate armour
rNeg   . . .     SustAt   .     c - +0 shield
rPois  .         Gourm    .     (helmet restricted)
rElec  .         Spirit   .     (no cloak)
rCorr  .         Warding  .     (no gloves)
rMut   .         NoTele   +     (no boots)
MR     .....                    (no amulet)
Stlth  ..........               t - +3 ring of evasion
                                s - +3 ring of evasion

@: heroism, finesse, not resistant to hostile enchantments, extremely unstealthy
A: retaliatory headbutt, horns 2
a: Heroism, Finesse, Renounce Religion


You were in the Dungeon.
You worshipped Okawaru.
Okawaru was extremely pleased with you.
You were not hungry.

You visited 1 branch

Inventory:

Hand Weapons
 a - a +0 flail of crushing (weapon)
Armour
 b - a +3 plate armour (worn)
 c - a +0 shield (worn)
Jewellery
 s - a +3 ring of evasion (left hand)
 t - a +3 ring of evasion (right hand)
Scrolls
 k - a scroll of blinking
 o - 3 scrolls of remove curse
 p - 5 scrolls of amnesia
 q - a scroll of summoning
Potions
 d - 2 potions of might
 f - 7 potions of curing
 g - 5 potions of heal wounds
 h - 3 potions of haste
 i - 4 potions of magic
 j - 8 potions of berserk rage
 n - 2 potions of invisibility
 u - a potion of cure mutation
Comestibles
 e - 8 bread rations
 l - 40 fruits
 m - 7 meat rations
 r - 3 chunks of flesh


   Skills:
 * Level 13.2(18.2) Fighting
 * Level 13.0(18.0) Maces & Flails
 * Level 13.2(18.2) Armour
 * Level 11.7(16.7) Dodging
 * Level 13.1(18.1) Shields
 + Level 7.7 Invocations


You had 9 spell levels left.
You didn't know any spells.

Dungeon Overview and Level Annotations

Branches:
Dungeon (1/1)

Altars:
Ashenzari
Cheibriados
Dithmenos
Elyvilon
Fedhas
Gozag
Kikubaaqudgha
Makhleb
Nemelex Xobeh
Okawaru
Qazlal
Ru
Sif Muna
Trog
Vehumet
Xom
Yredelemnul
Zin
The Shining One
Beogh
Jiyva
Lugonu


Innate Abilities, Weirdness & Mutations

You reflexively headbutt those who attack you in melee.
You have a pair of horns on your head.


Message History

The slime creature hits you but does no damage.
Unknown command.
You sock the slime creature!
The slime creature is heavily wounded.
You hit the slime creature but do no damage.
The slime creature is heavily wounded.
You sock the slime creature!
The slime creature is almost dead.
You block the slime creature's attack.
You block the alligator snapping turtle's attack.
You sock the slime creature!
You kill the slime creature!
Okawaru accepts your kill.
Your base Maces & Flails skill increases to level 13!
Unknown command.
The alligator snapping turtle bites you!!
* * * LOW HITPOINT WARNING * * *
Unknown command.
The alligator snapping turtle bites you from afar!!
You die...

#..............###..#
##..............#..##
####...#+######...##
#..#####.##.. ##+##
#....##...#...#...#
รท[....#...#.YY#...#
'.....'...+.=YYtt.+
'.....#...#.J.#...#
#....##...#.. #.@.#
#..#####)##. ##+##
####...#'######..)##
##..............#..##
#..............###..#
################ ####


You could see an alligator snapping turtle, a snapping turtle and 4 yaks.

Vanquished Creatures
  A hill giant (D)
  A manticore (D)
  A demonic crawler (D)
  2 hellwings (D)
  A guardian mummy (D)
  A troll (D)
  A red devil (D)
  A blue devil (D)
  5 slime creatures (D)
  A spriggan (D)
  A wyvern (D)
  A deep elf fighter (D)
  4 yaks (D)
  4 vampire mosquitoes (D)
  2 steam dragons (D)
  A mottled dragon (D)
  A fire bat (D)
  A porcupine (D)
  A sky beast (D)
  A necrophage (D)
  A crocodile (D)
  5 killer bees (D)
  Jessica (D)
  An iguana (D)
  A worker ant (D)
  4 sheep (D)
  An adder (D)
  2 gnolls (D)
  A river rat (D)
  A white imp (D)
  2 ufetubi (D)
  An ooze (D)
  2 ball pythons (D)
  A giant cockroach (D)
  A hobgoblin (D)
  A bat (D)
  2 kobolds (D)
  2 rats (D)
62 creatures vanquished.

Notes
Turn   | Place    | Note
--------------------------------------------------------------
     0 | D        | Kidiri the Minotaur Fighter began the quest for the Orb.
     0 | D        | Reached XP level 1. HP: 19/19 MP: 0/0
    48 | D        | Found a sacrificial altar of Ru.
    48 | D        | Found a basalt altar of Yredelemnul.
    48 | D        | Found a shadowy altar of Dithmenos.
    48 | D        | Found a deep blue altar of Sif Muna.
    48 | D        | Found a burning altar of Makhleb.
    48 | D        | Found a shimmering altar of Xom.
    48 | D        | Found an ancient bone altar of Kikubaaqudgha.
    48 | D        | Found a sparkling altar of Nemelex Xobeh.
    49 | D        | Found a glowing golden altar of the Shining One.
    49 | D        | Found a bloodstained altar of Trog.
    49 | D        | Found a shattered altar of Ashenzari.
    49 | D        | Found a white marble altar of Elyvilon.
    49 | D        | Found a snail-covered altar of Cheibriados.
    49 | D        | Found a blossoming altar of Fedhas.
    49 | D        | Found a radiant altar of Vehumet.
    49 | D        | Found a glowing silver altar of Zin.
    49 | D        | Found a corrupted altar of Lugonu.
    49 | D        | Found a viscous altar of Jiyva.
    49 | D        | Found a roughly hewn altar of Beogh.
    49 | D        | Found an iron altar of Okawaru.
    55 | D        | Found a stormy altar of Qazlal.
    56 | D        | Found an opulent altar of Gozag.
    58 | D        | Became a worshipper of Warmaster Okawaru
    77 | D        | Reached skill level 4 in Fighting
    77 | D        | Reached skill level 1 in Invocations
    77 | D        | Reached XP level 2. HP: 24/27 MP: 1/1
   133 | D        | Reached XP level 3. HP: 18/34 MP: 1/3
   137 | D        | Reached skill level 5 in Shields
   406 | D        | Noticed an iguana
   418 | D        | Killed an iguana
   418 | D        | Reached skill level 5 in Fighting
   418 | D        | Reached skill level 5 in Armour
   424 | D        | Noticed a sky beast
   438 | D        | Killed a sky beast
   438 | D        | Reached * piety under Okawaru
   438 | D        | Reached skill level 6 in Fighting
   438 | D        | Reached skill level 5 in Maces & Flails
   438 | D        | Reached XP level 4. HP: 41/45 MP: 3/5
   438 | D        | Reached XP level 5. HP: 46/51 MP: 3/6
   480 | D        | Noticed a necrophage
   483 | D        | Killed a necrophage
   483 | D        | Reached skill level 7 in Fighting
   483 | D        | Reached skill level 5 in Dodging
   485 | D        | Noticed a demonic crawler
   505 | D        | Killed a demonic crawler
   505 | D        | Reached ** piety under Okawaru
   505 | D        | Reached skill level 8 in Fighting
   505 | D        | Reached XP level 6. HP: 19/62 MP: 6/8
   719 | D        | Noticed a porcupine
   719 | D        | Noticed a deep elf fighter
   727 | D        | Killed a deep elf fighter
   727 | D        | Reached skill level 9 in Shields
   727 | D        | Reached XP level 7. HP: 66/69 MP: 6/9
   731 | D        | Killed a porcupine
   804 | D        | Noticed a fire bat
   804 | D        | Noticed a yak
   804 | D        | Noticed a yak
   804 | D        | Noticed a yak
   804 | D        | Noticed a spriggan
   806 | D        | Killed a yak
   808 | D        | Killed a fire bat
   808 | D        | Reached *** piety under Okawaru
   808 | D        | Reached skill level 5 in Invocations
   808 | D        | Reached XP level 8. HP: 66/79 MP: 7/10
   813 | D        | Killed a spriggan
   813 | D        | Reached skill level 10 in Shields
   825 | D        | Killed a yak
   825 | D        | Reached skill level 10 in Fighting
   825 | D        | Reached skill level 10 in Armour
   830 | D        | Killed a yak
   830 | D        | Reached skill level 10 in Maces & Flails
   976 | D        | Noticed a troll
   976 | D        | Noticed Jessica
   976 | D        | Noticed a steam dragon
   986 | D        | Killed a troll
   992 | D        | Killed a steam dragon
   994 | D        | Killed Jessica
  1012 | D        | Noticed a vampire mosquito
  1013 | D        | Noticed a vampire mosquito
  1014 | D        | Noticed a vampire mosquito
  1014 | D        | Killed a vampire mosquito
  1014 | D        | Reached skill level 11 in Shields
  1016 | D        | Noticed a wyvern
  1018 | D        | Noticed a vampire mosquito
  1022 | D        | Killed a vampire mosquito
  1022 | D        | Reached **** piety under Okawaru
  1022 | D        | Reached XP level 9. HP: 78/89 MP: 12/12
  1027 | D        | Noticed a hellwing
  1027 | D        | Killed a vampire mosquito
  1030 | D        | Noticed a blue devil
  1035 | D        | Killed a vampire mosquito
  1045 | D        | Killed a blue devil
  1045 | D        | Reached skill level 10 in Dodging
  1047 | D        | Killed a wyvern
  1069 | D        | Killed a hellwing
  1072 | D        | Noticed a manticore
  1073 | D        | Noticed a killer bee
  1074 | D        | Noticed a killer bee
  1082 | D        | Killed a killer bee
  1090 | D        | Killed a manticore
  1090 | D        | Reached skill level 12 in Shields
  1091 | D        | Noticed a mottled dragon
  1093 | D        | Noticed a killer bee
  1094 | D        | Noticed a killer bee
  1096 | D        | Killed a killer bee
  1097 | D        | Noticed a killer bee
  1097 | D        | Killed a mottled dragon
  1097 | D        | Reached ***** piety under Okawaru
  1098 | D        | Killed a killer bee
  1103 | D        | Killed a killer bee
  1108 | D        | Killed a killer bee
  1365 | D        | Noticed a worker ant
  1370 | D        | Killed a worker ant
  1371 | D        | Noticed a hill giant
  1372 | D        | Noticed a guardian mummy
  1396 | D        | Killed a guardian mummy
  1396 | D        | Reached XP level 10. HP: 86/97 MP: 8/14
  1401 | D        | Killed a hill giant
  1421 | D        | Noticed a red devil
  1421 | D        | Noticed a hellwing
  1421 | D        | Noticed a crocodile
  1428 | D        | Killed a hellwing
  1431 | D        | Killed a red devil
  1434 | D        | Killed a crocodile
  1474 | D        | Noticed a steam dragon
  1480 | D        | Killed a steam dragon
  1480 | D        | Received a gift from Okawaru
  1486 | D        | Noticed a snapping turtle
  1486 | D        | Noticed a yak
  1486 | D        | Noticed a yak
  1486 | D        | Noticed a slime creature
  1489 | D        | Noticed an alligator snapping turtle
  1490 | D        | Killed a yak
  1491 | D        | Noticed a slime creature
  1492 | D        | Noticed a yak
  1492 | D        | Noticed a slime creature
  1492 | D        | Noticed a yak
  1492 | D        | Noticed a slime creature
  1492 | D        | Noticed a slime creature
  1492 | D        | Noticed a slime creature
  1493 | D        | Noticed a yak
  1493 | D        | Noticed a yak
  1506 | D        | Killed a slime creature
  1508 | D        | Killed a slime creature
  1508 | D        | Reached skill level 13 in Fighting
  1512 | D        | Killed a slime creature
  1516 | D        | Killed a slime creature
  1524 | D        | Killed a slime creature
  1526 | D        | Demolished by an alligator snapping turtle

Vault maps used:
D:        pitsprint

Action                   |  1- 3 |  4- 6 |  7- 9 | 10-12 || total
-------------------------+-------+-------+-------+-------++-------
Melee: Mace              |    19 |       |       |       ||    19
       Flail             |    13 |    38 |   151 |    53 ||   255
Invok: Heroism           |       |     2 |     4 |     1 ||     7
       Finesse           |       |       |     1 |     1 ||     2
  Use: Potion            |       |       |       |     1 ||     1
  Eat: Chunk             |       |       |     2 |     1 ||     3
